 Dungeon Crawl Stone Soup version 0.26.1-11-gd32895ea62 (webtiles) character file.

Game seed: 12625684998009862875

71 opiate666 the Slasher (level 4, -3/34 HPs)
             Began as a Demonspawn Gladiator on June 11, 2021.
             Slain by a worm (7 damage)
             ... on level 2 of the Dungeon.
             The game lasted 00:05:59 (1405 turns).

opiate666 the Slasher (Demonspawn Gladiator)        Turns: 1405, Time: 00:06:00

Health: -3/34      AC:  5    Str: 15    XL:     4   Next: 5%
Magic:  4/4        EV: 13    Int:  9    God:
Gold:   114        SH:  0    Dex: 15    Spells: 3/3 levels left

rFire    + . .     SeeInvis .   a - +0 long sword
rCold    . . .     Faith    .   (no shield)
rNeg     . . .     Spirit   .   b - +0 leather armour
rPois    .         Reflect  .   c - +0 helmet
rElec    .         Harm     .   (no cloak)
rCorr    .         Rampage  .   e - +0 pair of gloves
Will     .....                  (no boots)
Stlth    +.........             (no amulet)
HPRegen  0.11/turn              f - ring of flight
MPRegen  0.09/turn              (no ring)

@: no status effects
A: fire resistance 1, flame cloud immunity, sturdy frame 1
a: Evoke Flight


You were on level 2 of the Dungeon.
You visited 1 branch of the dungeon, and saw 2 of its levels.

You collected 114 gold pieces.

Inventory:

Hand Weapons
 a - a +0 long sword (weapon)
 j - a +0 dagger of speed
Missiles
 d - 3 throwing nets (quivered)
Armour
 b - a +0 leather armour (worn)
 c - a +0 helmet (worn)
 e - a +0 pair of gloves (worn)
 k - a +0 ring mail
Jewellery
 f - a ring of flight (left hand)
 g - a +4 ring of protection {unknown}
 n - an uncursed ring of fire {unknown}
Scrolls
 h - a scroll of identify {unknown}
 i - 3 scrolls of magic mapping {unknown}
 l - a scroll of teleportation {unknown}
 m - a scroll of blinking {unknown}
 p - a scroll of enchant armour {unknown}
Potions
 o - 2 potions of curing {unknown}


   Skills:
 + Level 2.3 Fighting
 + Level 3.6 Long Blades
 - Level 1.7 Throwing
 + Level 0.7 Armour
 + Level 3.3 Dodging
 + Level 0.1 Stealth


You had 3 spell levels left.
You didn't know any spells.
Your spell library was empty.

Dungeon Overview and Level Annotations

Branches:
Dungeon (2/15)

Altars:
Trog


Innate Abilities, Weirdness & Mutations

Your flesh is heat resistant. (rF+)
You are immune to clouds of flame.
Your movements are slightly less encumbered by armour. (ER -2)


Message History

The worm barely misses you.
You hit the worm.
The worm is heavily wounded.
The worm bites you but does no damage.
You barely miss the worm.
The worm is heavily wounded.
The worm bites you. The worm bites you!
You barely miss the worm.
The worm is moderately wounded.
You slash the worm!
The worm is almost dead.
The worm bites you!
* * * LOW HITPOINT WARNING * * *
You hit the worm but do no damage.
The worm is almost dead.
The worm closely misses you.
You barely miss the worm.
The worm is almost dead.
The worm bites you!
You die...

#..##.##.####.##.##.#.#
#.#.#.#.##.......)....#
####.##...###.##.##.##.###
#..^.....####.##.##.##.#
#.##.###...............#
####.##.#
#.####.##########
......#.# #.# #.#
####..#.###.####.#
....(...........@########
.###.######.#####w.......
.# #.# #.# #w#.##### .#
#.# #. ... # .# #.# ....$
.# #.. #.##.## .# ### ..
.. .# ..# .# .# .#. ..


You could see 2 worms.

Vanquished Creatures
  2 adders (D:2)
  2 oozes (D:2)
  A dart slug (D:2)
  2 leopard geckos
  6 bats
  3 giant cockroaches
  4 goblins
  2 hobgoblins
  4 jackals (D:2)
  5 kobolds
  A quokka (D:2)
  2 frilled lizards
  3 rats
37 creatures vanquished.

Notes
Turn   | Place    | Note
-------+----------+-------------------------------------------
     0 | D:1      | opiate666 the Demonspawn Gladiator began the quest for the
                  | Orb.
     0 | D:1      | Reached XP level 1. HP: 16/16 MP: 1/1
   256 | D:1      | Gained mutation: Your flesh is heat resistant. (rF+)
                  | [demonic ancestry]
   256 | D:1      | Reached XP level 2. HP: 20/22 MP: 2/2
   815 | D:2      | Gained mutation: Your movements are slightly less
                  | encumbered by armour. (ER -2) [demonic ancestry]
   815 | D:2      | Reached XP level 3. HP: 27/27 MP: 3/3
  1239 | D:2      | Found a bloodstained altar of Trog.
  1391 | D:2      | Gained mutation: You are immune to clouds of flame.
                  | [demonic ancestry]
  1391 | D:2      | Reached XP level 4. HP: 31/34 MP: 4/4
  1405 | D:2      | Slain by a worm

Illustrated notes

Levels and vault maps discovered:
D:1:      mrwooster_arrival_statue, layout_basic, serial_curves, eino_curves_04,
          eino_curves_02
D:2:      layout_loops_ring, lightli_temple_of_fire, minmay_misc_feat_tiny,
          minmay_tromino_v4_b

Skill      XL: |  1  2 |
---------------+-------+-----
Long Blades    | 3 |  3.6
Dodging        | 3 |  3.3
Fighting       | |  2.3
Throwing       | |  1.7
Armour         | |  0.7
Stealth        | |  0.1

Action                   |  1- 3 |  4- 6 || total
-------------------------+-------+-------++-------
Melee: Long sword        |    97 |    12 ||   109
 Stab: Sleeping          |     2 |       ||     2
Armor: Leather armour    |    33 |     1 ||    34
Dodge: Dodged            |    78 |     5 ||    83
       Rpst.: Long sword |    27 |     2 ||    29
